 Dungeon Crawl Stone Soup version 0.31-a0-801-gc67433417a (webtiles) character file.

Game seed: 15875915934119869289

16 Essalna the Conjurer (level 2, -1/19 HPs)
             Began as a Demonspawn Conjurer on Sept 20, 2023.
             Slain by an orc
             ... wielding a +0 short sword
              (4 damage)
             ... on level 4 of the Dungeon.
             The game lasted 00:00:58 (477 turns).

Essalna the Conjurer (Demonspawn Conjurer)           Turns: 477, Time: 00:00:58

Health: -1/19      AC:  2    Str:  7    XL:     2   Next: 37%
Magic:  5/5        EV: 12    Int: 19    God:
Gold:   32         SH:  0    Dex: 11    Spells: 4/5 levels left

rFire   . . .        (no weapon)
rCold   . . .        (no shield)
rNeg    . . .        a - +0 robe
rPois   .            (no helmet)
rElec   .            (no cloak)
rCorr   .            (no gloves)
SInv    .            (no boots)
Will    .....        (no amulet)
Stlth   ++           (no ring)
HPRegen 0.23/turn    (no ring)
MPRegen 0.09/turn

%: no passive effects
@: no status effects
A: foul stench 1
a: no special abilities


You were on level 4 of the Dungeon.
You visited 1 branch of the dungeon, and saw 4 of its levels.

You collected 32 gold pieces.

Inventory:

Armour
 a - a +0 robe (worn)
Potions
 b - a potion of magic
 c - a potion of ambrosia {unknown}
 d - a potion of haste {unknown}


   Skills:
 - Level 1.7 Dodging
 - Level 1.7 Stealth
 + Level 2.4 Spellcasting
 + Level 4.3 Conjurations


You had 4 spell levels left.
You knew the following spells:

 Your Spells              Type           Power      Damage    Failure   Level
a - Magic Dart            Conj           72%        1d6       2%          1

Your spell library contained the following spells:

 Spells                   Type           Power      Damage    Failure   Level
 Searing Ray              Conj           36%        2d5       4%          2
 Dazzling Flash           Conj/Hex       20%        N/A       21%         3
 Fulminant Prism          Conj/Hex       5%         3d7       54%         4
 Iskenderun's Mystic Bla  Conj/Tloc      10%        2d4       54%         4


Dungeon Overview and Level Annotations

Branches:
Dungeon (4/15)
 Temple: D:4-7

Altars:


Innate Abilities, Weirdness & Mutations

You may rarely emit foul miasma when damaged in melee.


Message History

Found an escape hatch in the floor.
A goblin is nearby!
A goblin is nearby!
A goblin is nearby!
The goblin shouts!
You hear a shout! x4
There is an escape hatch in the floor here.
A giant cockroach comes into view.
The goblin hits you with a +0 dagger. The goblin hits you but does no damage.
An orc wizard comes into view. It is wielding a +0 dagger.
The goblin hits you with a +0 dagger.
The orc wizard shouts!
The orc wizard gestures wildly while chanting.
The orc wizard flickers and vanishes!
Deactivating autopickup; reactivate with Ctrl-A.
The goblin hits you with a +0 dagger.
You hear a shout!
The goblin barely misses you.
An orc comes into view. It is wielding a +0 short sword.
The goblin misses you. The giant cockroach barely misses you.
The goblin misses you. The giant cockroach barely misses you.
The giant cockroach bites you. The goblin hits you with a +0 dagger.
An orc comes into view. It is wielding a +0 whip.
The giant cockroach barely misses you. The goblin barely misses you.
The orc shouts!
You hear a shout!
The giant cockroach bites you but does no damage.
The goblin barely misses you. The giant cockroach closely misses you.
The goblin barely misses you. The giant cockroach bites you.
The goblin barely misses you.
The giant cockroach bites you but does no damage.
The giant cockroach bites you. The goblin misses you.
An orc comes into view. It is wielding a +0 trident.
The giant cockroach bites you.
* * * LOW HITPOINT WARNING * * *
The orc barely misses you. The goblin barely misses you.
The giant cockroach bites you.
* * * LOW HITPOINT WARNING * * *
The orc hits you with a +0 short sword.
You die...

#.....# ##..<.##.#. ...
#)...## ...## #.. ##..###
.......## ###..## ....$..
.. #...## ..#.. ... [..##
.{o####$.. ..##
#gB...o... ..#
#.##@o....... .## #####
#..>....#... ..#
##...#######........
..####.....#..##.....##..
....###......#..######
.....###.....##........
.....# ##..............
.....## ##.†...........
......####......#######


You could see 3 orcs, a giant cockroach and a goblin.

Vanquished Creatures
  An adder (D:2)
  2 ball pythons
  An endoplasm (D:2)
  A giant cockroach (D:1)
  A frilled lizard (D:2)
  A goblin (D:2)
7 creatures vanquished.

Notes
Turn   | Place    | Note
-------+----------+-------------------------------------------
     0 | D:1      | Essalna the Demonspawn Conjurer began the quest for the
                  | Orb.
     0 | D:1      | Reached XP level 1. HP: 13/13 MP: 3/3
   305 | D:2      | Gained mutation: You may rarely emit foul miasma when
                  | damaged in melee. [demonic ancestry]
   305 | D:2      | Reached XP level 2. HP: 19/19 MP: 0/5
   477 | D:4      | Slain by an orc

Illustrated notes

Levels and vault maps discovered:
D:1:      dpeg_arrival_round_a, layout_loops_ring,
          shapermc_ecumenical_altar_hornbeckon, nrook_campfire,
          minmay_misc_feat_columns
D:2:      minmay_inner_zag, layout_basic, minmay_crystal_room
D:3:      layout_loops_ring, mainiacjoe_overflow_concentric_impassable,
          mainiacjoe_overflow_alcove_2, uniq_grinder, uniq_sigmund,
          uniq_crazy_yiuf_cottage, uniq_natasha
D:4:      layout_layer_cave, amethyst_overflow_temple_binary,
          lemuel_blue_sif_altar, nicolae_concentric_dashed_squares_mild,
          serial_park_tiny_pond

Action                     || total
---------------------------++-------
  Melee: Unarmed           ||     8
   Cast: Magic Dart        ||    18
 Armour: Robe              ||    21
  Dodge: Dodged            ||    17

Table legend: (Time is in decaauts)
 A = Elapsed time spent in this place.
 B = Non-inter-level travel time spent in this place.
 C = Inter-level travel time spent in this place.
 D = Time resting spent in this place.
 E = Time spent auto-exploring this place.
 F = Levels seen in this place.
 G = Mean time per level.
                   A        B        C        D        E       F      G
               +--------+--------+--------+--------+--------+-----+--------+
         Total |    476 |    474 |      2 |      0 |    378 |   4 |  119.0 |
       Dungeon |    476 |    474 |      2 |      0 |    378 |   4 |  119.0 |
               +--------+--------+--------+--------+--------+-----+--------+

Top non-repeatable levels by time:
     D:1: 189 daAuts
     D:4: 162 daAuts
     D:2: 119 daAuts
     D:3: 4 daAuts
